 Dungeon Crawl Stone Soup version 0.31.0-9-g3a7656b989 (console) character file.

Game seed: 5389645851273049765

50 AlterAsc the Shield-Bearer (level 4, -2/35 HPs)
             Began as a Formicid Fighter on Jan 28, 2024.
             Slain by a gnoll
             ... wielding a +0 spear
              (6 damage)
             ... on level 2 of the Dungeon.
             The game lasted 00:01:23 (679 turns).

AlterAsc the Shield-Bearer (Formicid Fighter)        Turns: 679, Time: 00:01:24

Health: -2/35      AC:  9    Str: 22    XL:     4   Next: 4%
Magic:  4/4        EV:  8    Int:  8    God:
Gold:   48         SH:  5    Dex: 13    Spells: 3/3 levels left

rFire   . . .        a - +0 war axe
rCold   . . .        c - +0 buckler
rNeg    . . .        g - +0 chain mail
rPois   .            (helmet unavailable)
rElec   .            (no cloak)
rCorr   .            (no gloves)
SInv    +            (no boots)
Will    .....        (no amulet) Stlth
                     (no ring)
HPRegen 0.25/turn    (no ring)
MPRegen 0.09/turn

%: no passive effects
@: mighty, lethally poisoned (-2 -> -3)
A: permanent stasis, dig shafts and tunnels, antennae 3, four strong arms
a: Dig, Shaft Self


You were on level 2 of the Dungeon.
You visited 1 branch of the dungeon, and saw 2 of its levels.

You collected 48 gold pieces.

Inventory:

Hand Weapons
 a - a +0 war axe (weapon)
Armour
 b - a +0 scale mail
 c - a +0 buckler (worn)
 g - a +0 chain mail (worn)
Scrolls
 f - a scroll of butterflies {unknown}
Potions
 e - a potion of curing {unknown}


   Skills:
 - Level 3.2 Fighting
 + Level 4.0 Axes
 - Level 3.2 Armour
 - Level 4.0 Shields


You had 3 spell levels left.
You didn't know any spells.
Your spell library was empty.

Dungeon Overview and Level Annotations

Branches:
Dungeon (2/15)

Altars:


Innate Abilities, Weirdness & Mutations

You cannot be hasted, slowed, berserked, paralysed or teleported.
You can dig through walls and to a lower floor.
You have a pair of large antennae on your head. (SInv)
Your four strong arms can wield two-handed weapons with a shield.


Message History

You hit the gnoll. x2; The gnoll barely misses you.
You block the gnoll's attack. The gnoll barely misses you.
The dart slug launches a dart at you. The slug dart hits you.
You hit the dart slug.
You kill the dart slug!
You hit the gnoll.
You kill the gnoll!
You barely miss the gnoll.
The gnoll hits you from afar with a +0 spear.
The gnoll barely misses you. The adder bites you.
You are poisoned.
The adder poisons you!
The rat twitches its whiskers.
The gnoll hits you but does no damage. The gnoll closely misses you.
The rat bites you but does no damage.
Your Axes skill increases to level 4!
You have reached level 4!
You feel clever.
You feel very mighty all of a sudden.
You feel sick. The adder barely misses you. You block the gnoll's attack.
The gnoll hits you with a +0 whip. The rat barely misses you.
You hit the gnoll.
The gnoll is moderately wounded.
You slash the rat!
You kill the rat!
You barely miss the adder. You completely miss the rat.
You feel sick. The adder bites you but does no damage.
The gnoll hits you from afar with a +0 spear.
The gnoll hits you with a +0 whip.
* * * LOW HITPOINT WARNING * * *
The rat bites you.
* * * LOW HITPOINT WARNING * * *
The adder bites you but does no damage.
You closely miss the gnoll.
The gnoll is moderately wounded.
You slash the rat!
You kill the rat!
You slash the adder!
You kill the adder!
You feel sick.
The gnoll hits you from afar with a +0 spear.
You die...

###..........
...........##
##...........#
#............#
###............#
$...#.........(#
#.....†).....#
#..<@g.....#
#......Sg....#
###..........#
#...########
#..#.. #..####
...# ###


You could see 2 gnolls and a ball python.

Vanquished Creatures
  2 gnolls
  An adder (D:2)
  A dart slug (D:2)
  5 bats (D:1)
  6 endoplasms (D:1)
  4 goblins (D:1)
  A hobgoblin (D:1)
  A quokka (D:1)
  3 ball pythons
  A frilled lizard (D:1)
  2 kobolds (D:1)
  5 rats
32 creatures vanquished.

Notes
Turn   | Place    | Note
-------+----------+-------------------------------------------
     0 | D:1      | AlterAsc the Formicid Fighter began the quest for the Orb.
     0 | D:1      | Reached XP level 1. HP: 18/18 MP: 1/1
    94 | D:1      | Reached XP level 2. HP: 24/24 MP: 2/2
   474 | D:1      | Reached XP level 3. HP: 23/29 MP: 3/3
   677 | D:2      | Reached XP level 4. HP: 24/35 MP: 4/4
   679 | D:2      | Slain by a gnoll

Illustrated notes

Levels and vault maps discovered:
D:1:      onia_arrival_pyramid, layout_loops_ring, st_stairs_6, glass_columns_a,
          skrybe_limestone_x
D:2:      layout_rooms, basic_altar, minmay_misc_feat_ornament

Skill      XL: |  1  2  3 |
---------------+----------+-----
Axes           | 3 4 |  4.0
Fighting       | |  3.2
Armour         | |  3.2
Shields        | |  4.0

Action                     |  1- 3 |  4- 6 || total
---------------------------+-------+-------++-------
  Melee: War axe           |    68 |     2 ||    70
    Use: Potion            |       |     1 ||     1
 Armour: Scale mail        |    33 |       ||    33
         Chain mail        |    25 |     7 ||    32
  Dodge: Dodged            |    44 |     2 ||    46
  Block: Buckler           |    15 |     1 ||    16
